 Dungeon Crawl Stone Soup version 0.23.1-41-g7e51ed32d8 (webtiles) character file.

Game seed: 4359062298949217867

12709 Norn the Fighter (level 11, -5/101 HPs)
             Began as a White Draconian Transmuter on Mar 30, 2019.
             Was the Champion of Okawaru.
             Slain by a four-headed hydra (10 damage)
             ... on level 2 of the Lair of Beasts.
             The game lasted 00:41:32 (17719 turns).

Norn the Fighter (White Draconian Transmuter)      Turns: 17719, Time: 00:41:32

Health: -5/101     AC:  2    Str: 14    XL:     11   Next: 66%
Magic:  17/21      EV: 21    Int: 16    God:    Okawaru [******]
Gold:   635        SH:  0    Dex: 16    Spells: 10/24 levels left

rFire    + . .     SeeInvis +     - Unarmed
rCold    . . .     Gourm    .   (shield currently unavailable)
rNeg     . . .     Faith    +   (armour unavailable)
rPois    x         Spirit   .   (helmet currently unavailable)
rElec    .         Reflect  .   (cloak currently unavailable)
rCorr    .         Harm     .   (gloves currently unavailable)
MR       .....                  (boots currently unavailable)
Stlth    +.........             q - amulet of faith {!P}
HPRegen  0.26/turn              z - ring of see invisible
MPRegen  0.17/turn              i - ring of protection from fire

@: spider-form (expiring)
A: tiny, (breathe frost), unfitting armour, AC +7
a: End Transformation, Heroism, Finesse, Renounce Religion


You were on level 2 of the Lair of Beasts.
You worshipped Okawaru.
Okawaru was exalted by your worship.
You were not hungry.
You were a venomous arachnid creature.
You visited 3 branches of the dungeon, and saw 11 of its levels.
You also visited: Ossuary.

You collected 671 gold pieces.
You spent 36 gold pieces at shops.

Inventory:

Hand Weapons
 k - a +0 hunting sling
   (You took it off a goblin on level 2 of the Dungeon)
 t - a +1 blowgun
   (You took it off a kobold on level 3 of the Dungeon)
 L - the +8 dagger of Foul Odors {freeze, rC+ Str+2 Stlth+, unknown}
   (You found it on level 2 of the Lair of Beasts)

   It has been specially enchanted to freeze those struck by it, causing extra
   injury to most foes and up to half again as much damage against particularly
   susceptible opponents.
   It can also slow down cold-blooded creatures.
   It affects your strength (+2).
   It protects you from cold.
   It makes you more stealthy.
Missiles
 a - 107 arrows
 g - a throwing net {!f}
 m - 28 sling bullets
 p - 37 poisoned needles
 A - 354 stones (quivered)
 F - 4 needles of sleeping
Armour
 j - a +2 cloak (melded)
   (You took it off Crazy Yiuf on level 7 of the Dungeon)
 o - a +1 buckler of protection
   (Okawaru gifted it to you on level 8 of the Dungeon)
 y - the +3 hat of Pondering {ponderous, MR+ MP+10 Int+5}
   (You took it off Gastronok on level 8 of the Dungeon)

   It affects your intelligence (+5).
   It affects your resistance to hostile enchantments.
   It affects your magic capacity (+10).
 M - a +1 pair of gloves of dexterity (melded)
   (Okawaru gifted it to you on level 2 of the Lair of Beasts)
Magical Staves
 I - an uncursed staff of cold
   (You took it off Fannar on level 1 of the Lair of Beasts)
Jewellery
 i - a ring of protection from fire (right front leg)
   (You found it on level 6 of the Dungeon)
 q - an amulet of faith (around neck) {!P}
   (You found it on level 3 of the Dungeon)
 z - a ring of see invisible (left front leg)
   (You found it on level 1 of the Lair of Beasts)
 B - an uncursed ring of positive energy
   (You found it on level 6 of the Dungeon)
Wands
 u - a wand of paralysis (7)
   (You found it on level 1 of the Lair of Beasts)
 v - a wand of digging (2)
   (You took it off Maurice on level 8 of the Dungeon)
Scrolls
 c - 5 scrolls of remove curse {@r2}
 d - a scroll of magic mapping
 l - 2 scrolls of teleportation {@r4}
 C - a scroll of identify {@r1}
 H - 3 scrolls of fog
 K - 2 scrolls of fear
Potions
 b - 2 potions of invisibility {unknown}
 f - a potion of heal wounds {@q2}
 h - a potion of brilliance {unknown}
 n - 6 potions of curing {@q1}
 r - 4 potions of haste {@q3}
 s - 3 potions of mutation {!q}
 w - a potion of resistance {unknown}
 x - 2 potions of lignification {unknown}
 D - 3 potions of might
 E - 4 potions of agility
 J - 3 potions of magic {unknown}
Comestibles
 e - 7 rations {!d}


   Skills:
 + Level 10.5 Fighting
 + Level 3.7 Dodging
 - Level 10.3 Unarmed Combat
 * Level 7.0 Spellcasting
 - Level 10.2 Transmutations


You had 10 spell levels left.
You knew the following spells:

 Your Spells              Type           Power        Failure   Level  Hunger
a - Blade Hands           Tmut           #####.....   14%         5    #####..
c - Ice Form              Ice/Tmut       ###.....     34%         4    ####...
s - Sticks to Snakes      Tmut           #####...     2%          2    None
x - Spider Form           Tmut/Pois      ###.......   14%         3    ##.....

Your spell library contained the following spells:

 Spells                   Type           Power        Failure   Level  Hunger
 Beastly Appendage        Tmut           #####.       2%          1    None
 Infusion                 Chrm           #...         28%         1    None
 Shock                    Conj/Air       #...         28%         1    None
 Shroud of Golubria       Chrm/Tloc      #.........   38%         2    None
 Song of Slaying          Chrm           #.......     38%         2    None
 Swiftness                Chrm/Air       #.......     38%         2    None
 Regeneration             Chrm/Necr      #.........   58%         3    ##.....
 Spectral Weapon          Hex/Chrm       #.......     58%         3    ##.....
 Static Discharge         Conj/Air       #.......     58%         3    ##.....
 Airstrike                Air            #.........   90%         4    ####...
 Lightning Bolt           Conj/Air       #.........   99%         5    #####..
 Poison Arrow             Conj/Pois      #.........   100%        6    #######
 Chain Lightning          Conj/Air       #.........   100%        8    #######
 Lehudib's Crystal Spear  Conj/Erth      #.........   100%        8    #######
 Fire Storm               Conj/Fire      #.........   100%        9    #######
 Glaciate                 Conj/Ice       #.........   100%        9    #######


Dungeon Overview and Level Annotations

Branches:
Dungeon (8/15)             Temple (1/1) D:4            Lair (2/6) D:8
 Spider (0/4) Lair:2
  Swamp: Lair:2-4    Shoals: Lair:2-4

Altars:
Ashenzari
Cheibriados
Dithmenos
Elyvilon
Gozag
Hepliaklqana
Kikubaaqudgha
Makhleb
Nemelex Xobeh
Okawaru
Qazlal
Ru
Sif Muna
Trog
Uskayaw
Vehumet
Wu Jian
Xom
Yredelemnul
Zin
The Shining One

Shops:
D:5 (   D:7 :

Annotations:
Lair:2 exclusion: orb spider


Innate Abilities, Weirdness & Mutations

((You can breathe waves of freezing cold.))
((You can buffet flying creatures when you breathe cold.))
((Your icy white scales are hard. (AC +7)))
You cannot fit into any form of body armour.
((Your flesh is cold resistant. (rC+)))
((You are cold-blooded and may be slowed by cold attacks.))


Message History

You climb upwards.
There is a stone staircase leading down here.
You start resting.
You are starving!
You're too hungry to rest.
You eat one of the 8 rations {!d}.
That ration really hit the spot!
You start resting.
You climb downwards.
Level annotation: exclusion: orb spider The four-headed hydra closely misses you.
The four-headed hydra bites you! The four-headed hydra bites you.
The four-headed hydra bites you but does no damage.
There is a stone staircase leading up here.
You turn into a venomous arachnid creature.
Your +2 cloak melds into your body.
Your +1 pair of gloves of dexterity melds into your body.
You feel clumsy.
The four-headed hydra barely misses you.
The four-headed hydra misses you. x2
The four-headed hydra barely misses you.
You maul the four-headed hydra!!
The four-headed hydra bites you! x2
The four-headed hydra closely misses you.
The four-headed hydra bites you.
You completely miss the four-headed hydra.
You hit the four-headed hydra.
Your transformation is almost over.
The four-headed hydra bites you!
The four-headed hydra bites you but does no damage.
The four-headed hydra misses you. x2
You create 2 snakes!
You now have 107 arrows.
The four-headed hydra barely misses you.
The four-headed hydra bites you but does no damage.
The four-headed hydra misses you. x2
You hit the four-headed hydra. The four-headed hydra bites you.
* * * LOW HITPOINT WARNING * * *
The four-headed hydra bites you!
* * * LOW HITPOINT WARNING * * *
The four-headed hydra completely misses you.
The four-headed hydra barely misses you.
Your adder completely misses the four-headed hydra.
Your ball python bites the four-headed hydra.
Unknown command.
Your adder bites the four-headed hydra.
Your ball python bites the four-headed hydra.
The four-headed hydra bites you!
* * * LOW HITPOINT WARNING * * *
The four-headed hydra bites you!
* * * LOW HITPOINT WARNING * * *
The four-headed hydra bites you!
You die...

#...#................
##.............(......
#....P>...............
#...P..........P.....
#...[..........#.....
##..SP..........#.....
#...S##.#.#+....P.....
##..D.................
#...s...........P.#..
#....#.#####P.....D..
#.....## ##........
#.....# #.......<
#....## #...#....
#....# #...P....
#....# #P........
#....# ##........
.....##.#


You could see a four-headed hydra, a friendly adder and a friendly ball python.

Vanquished Creatures
  Gastronok (D:8)
  Fannar (Lair:1)
  Harold (D:7)
  Erica (Lair:1)
  A two-headed ogre (D:4)
  3 death yaks (D:8)
  An oklob plant (Lair:1)
  Maurice (D:8)
  A black mamba (Lair:1)
  Grinder (D:4)
  3 hippogriffs
  A spriggan (D:7)
  7 yaks
  A water moccasin (Lair:1)
  4 porcupines
  Duvessa (D:5)
  2 orc warriors
  2 ice beasts (D:7)
  3 ogres
  A necrophage (D:7)
  3 wolves (Lair:1)
  2 phantoms
  A centaur (D:8)
  A crocodile (Lair:1)
  5 bullfrogs
  Dowan (D:5)
  A water moccasin zombie (Ossuary)
  3 wights (D:7)
  2 howler monkeys
  4 crimson imps
  4 hounds
  A centaur skeleton (D:4)
  3 orc priests
  An iguana (D:7)
  6 orc wizards
  4 worker ants
  2 big kobold zombies (Ossuary)
  A hound zombie (D:6)
  3 mummies
  4 gnolls
  10 adders
  A shadow imp (D:7)
  A white imp (D:6)
  3 oozes
  4 adder zombies (Ossuary)
  2 worms
  A dart slug (D:2)
  2 leopard geckos
  20 orcs
  A ball python (D:5)
  2 giant cockroaches
  A gnoll zombie (Ossuary)
  4 goblins
  8 hobgoblins
  14 jackals
  13 kobolds
  3 quokkas
  13 bats
  A frilled lizard (D:3)
  2 goblin zombies (D:7)
  4 hobgoblin zombies (Ossuary)
  9 kobold zombies (Ossuary)
  2 orc zombies (Ossuary)
  2 quokka skeletons
  11 rats
223 creatures vanquished.

Vanquished Creatures (collateral kills)
  A spiny frog (Lair:1)
  A yak (D:8)
  An orc wizard (D:3)
  Crazy Yiuf (D:7)
  An adder (D:2)
  An orc (D:3)
6 creatures vanquished.

Vanquished Creatures (others)
  A fungus (Lair:1)
1 creature vanquished.

Grand Total: 230 creatures vanquished

Notes
Turn   | Place    | Note
-------+----------+-------------------------------------------
     0 | D:1      | Norn the Draconian Transmuter began the quest for the Orb.
     0 | D:1      | Reached XP level 1. HP: 16/16 MP: 3/3
   301 | D:1      | Reached XP level 2. HP: 23/23 MP: 3/5
   684 | D:1      | Reached XP level 3. HP: 27/28 MP: 4/6
  1587 | D:1      | Learned a level 2 spell: Sticks to Snakes
  1591 | D:1      | Learned a level 3 spell: Spider Form
  2103 | D:2      | Reached XP level 4. HP: 33/35 MP: 4/7
  2113 | D:2      | Reached skill level 5 in Unarmed Combat
  3174 | D:3      | Reached XP level 5. HP: 40/40 MP: 4/8
  3794 | D:3      | Found a white marble altar of Elyvilon.
  3794 | D:3      | Found a stormy altar of Qazlal.
  4152 | D:4      | Noticed a phantom
  4521 | D:4      | Reached XP level 6. HP: 33/47 MP: 5/10
  4715 | D:4      | Found a staircase to the Ecumenical Temple.
  4728 | Temple   | Entered the Ecumenical Temple
  4934 | Temple   | Became a worshipper of Warmaster Okawaru
  5207 | D:4      | Reached * piety under Okawaru
  5207 | D:4      | Reached skill level 5 in Transmutations
  5270 | D:4      | Your scales start taking on an icy white colour.
  5270 | D:4      | Reached XP level 7. HP: 15/52 MP: 8/12
  5270 | D:4      | Gained mutation: Your flesh is cold resistant. (rC+) [White
                  | Draconian growth]
  5688 | D:4      | Noticed a two-headed ogre
  5710 | D:4      | Killed a two-headed ogre
  5710 | D:4      | Reached ** piety under Okawaru
  5710 | D:4      | Reached XP level 8. HP: 54/63 MP: 9/15
  5893 | D:4      | Noticed Grinder
  5911 | D:4      | Paralysed by Grinder for 4 turns
  6198 | D:4      | Killed Grinder
  6576 | D:4      | Found a staircase to the Ecumenical Temple.
  6620 | D:4      | Reached skill level 5 in Spellcasting
  6771 | D:5      | Entered Level 5 of the Dungeon
  6777 | D:5      | Found a deep blue altar of Sif Muna.
  6849 | D:5      | Found Juca's Weapon Boutique.
  6859 | D:5      | Bought a throwing net for 36 gold pieces
  6888 | D:5      | Noticed Duvessa
  6888 | D:5      | Noticed Dowan
  6909 | D:5      | Killed Duvessa
  6914 | D:5      | Killed Dowan
  6914 | D:5      | Reached *** piety under Okawaru
  7530 | D:6      | Reached skill level 5 in Fighting
  8167 | D:6      | Reached XP level 9. HP: 73/74 MP: 10/16
  8335 | D:6      | Found a burning altar of Makhleb.
  8494 | D:7      | Found a sand-covered staircase.
  8504 | Ossuary  | Entered an ossuary
  9237 | D:7      | Reached **** piety under Okawaru
  9325 | D:7      | Noticed Harold
  9347 | D:7      | Killed Harold
  9347 | D:7      | Received a gift from Okawaru
  9347 | D:7      | Reached skill level 10 in Unarmed Combat
  9538 | D:7      | Found Achufofu's Book Shop.
  9698 | D:7      | Found an ornate altar of the Wu Jian Council.
  9889 | D:7      | Found a runed translucent door.
  9890 | D:7      | Noticed Crazy Yiuf
  9998 | D:7      | Reached XP level 10. HP: 56/84 MP: 11/17
 10761 | D:7      | Killed Crazy Yiuf
 10881 | D:8      | Found a hazy altar of Hepliaklqana.
 10970 | D:8      | Found a staircase to the Lair.
 10971 | D:8      | Noticed a death yak
 11003 | D:8      | Killed a death yak
 11054 | D:8      | Learned a level 5 spell: Blade Hands
 11059 | D:8      | Learned a level 4 spell: Ice Form
 11060 | D:8      | Noticed a death yak
 11074 | D:8      | Killed a death yak
 11074 | D:8      | Reached ***** piety under Okawaru
 11074 | D:8      | Received a gift from Okawaru
 11086 | D:8      | Noticed a death yak
 12058 | D:8      | Killed a death yak
 12370 | D:8      | Noticed Maurice
 12400 | D:8      | Killed Maurice
 12672 | D:8      | Noticed Gastronok
 12708 | D:8      | Killed Gastronok
 12708 | D:8      | Reached skill level 10 in Transmutations
 12708 | D:8      | Reached XP level 11. HP: 34/97 MP: 16/18
 13353 | Lair:1   | Entered Level 1 of the Lair of Beasts
 13547 | Lair:1   | Noticed Fannar
 13891 | Lair:1   | Killed Fannar
 13891 | Lair:1   | Received a gift from Okawaru
 14195 | Lair:1   | Reached skill level 10 in Fighting
 14789 | Lair:1   | Noticed Erica
 14913 | Lair:1   | Killed Erica
 14913 | Lair:1   | Reached ****** piety under Okawaru
 15384 | Lair:1   | Noticed an oklob plant
 15931 | Lair:1   | Killed an oklob plant
 16773 | Lair:2   | Got a warped dagger
 16895 | Lair:2   | Received a gift from Okawaru
 17109 | Lair:2   | Found a hole to the Spider Nest.
 17109 | Lair:2   | Noticed an orb spider
 17358 | Lair:2   | Noticed a four-headed hydra
 17719 | Lair:2   | HP: 5/101 [four-headed hydra (14)]
 17719 | Lair:2   | Slain by a four-headed hydra

Skill      XL: |  1  2  3  4  5  6  7  8  9 10 11 |
---------------+----------------------------------+-----
Unarmed Combat | 4 5 6 8 10 | 10.3
Transmutations | 4 5 6 10 | 10.2
Spellcasting   | 3 4 5 7 |  7.0
Fighting       | 3 5 7 9 10 | 10.5
Dodging        | 3 |  3.7

Action                   |  1- 3 |  4- 6 |  7- 9 | 10-12 || total
-------------------------+-------+-------+-------+-------++-------
Melee: Unarmed           |   125 |   182 |   337 |   283 ||   927
       Tailslap          |    12 |    11 |    18 |       ||    41
       Kick              |    10 |     3 |       |       ||    13
       Punch             |       |     2 |     3 |       ||     5
       Headbutt          |       |     2 |       |       ||     2
 Fire: Hunting sling     |       |     8 |       |       ||     8
       Blowgun           |       |     4 |     6 |       ||    10
Throw: Stone             |       |     1 |     3 |       ||     4
 Cast: Beastly Appendage |    14 |     9 |     1 |       ||    24
       Sticks to Snakes  |     4 |     5 |     5 |    33 ||    47
       Spider Form       |       |    14 |    34 |    47 ||    95
       Ice Form          |       |       |       |     1 ||     1
 Abil: End Transformatio |       |       |     2 |     2 ||     4
Evoke: Wand              |       |       |       |     1 ||     1
  Use: Scroll            |       |     5 |    13 |     5 ||    23
       Potion            |       |       |       |     5 ||     5
 Stab: Sleeping          |     3 |     1 |     1 |       ||     5
       Distracted        |       |       |       |     4 ||     4
  Eat: Ration            |     1 |     1 |     2 |     4 ||     8
       Chunk             |       |    11 |    10 |    16 ||    37
Armor: Skin              |    33 |    18 |    39 |    20 ||   110
Dodge: Dodged            |    92 |   108 |   181 |   196 ||   577
